cohdb
Replays
Latest Replays
All Replays
Popular Replays
Top Player Replays
Match Explorer
How It Works
Community
CoH3 Stats
Reddit
Sign in to upload your games and track your stats! →
Sign in with Steam
Match 41346669
Unlisted
Match 41346669
Overview
Messages
Build Orders
End
Construct Section Command Post
Infantry Section
Dingo Light Scout Car
Infantry Section
Infantry Section
Construct Platoon Command Post
Selects Air and Sea Battlegroup
Selects Commando Section Paradrop
Commando Section Paradrop
Vickers Machine Gun Team
Humber Armored Car
Construct Field Infirmary
Selects Commando Support Section Paradrop
Selects Supply Surplus
Selects UNKNOWN (223837)
Infantry Section
Construct Company Command Post
Grenade Package
Vickers Machine Gun Team
Commando Support Section Paradrop
Selects Incendiary Bombing Run
Incendiary Bombing Run
Crusader II Medium Tank
Royal Engineer Section
Crusader II Medium Tank
Crusader II Medium Tank
Selects Naval Bombardment
Royal Engineer Section
Incendiary Bombing Run
Crusader II Medium Tank
BearFungus
Guardians_folly
0
0
Comments
sign in to comment!
No comments posted yet!